 Dungeon Crawl Stone Soup version 0.29.0-4-gdea44cf6ec (webtiles) character file.

Game seed: 4471333139307915589

804 qw the Grappler (level 7, -1/67 HPs)
             Began as a Troll Cinder Acolyte on Sept 1, 2022.
             Was a High Priest of Ignis.
             Slain by a killer bee (2 damage)
             ... on level 5 of the Dungeon.
             The game lasted 00:02:11 (3768 turns).

qw the Grappler (Troll Cinder Acolyte)              Turns: 3768, Time: 00:02:11

Health: -1/67      AC: 14    Str: 25    XL:     7   Next: 60%
Magic:  7/7        EV:  9    Int: 10    God:    Ignis [*****.]
Gold:   155        SH:  0    Dex:  5    Spells: 8/8 levels left

rFire   + . .      SeeInvis .     - Unarmed
rCold   . . .      Faith    .   (no shield)
rNeg    . . .      Spirit   .   c - +2 robe {Will+}
rPois   .          Reflect  .   (helmet restricted)
rElec   .          Harm     .   h - +0 cloak
rCorr   .          Rampage  .   (gloves unavailable)
Will    +....                   (boots unavailable)
Stlth   +.........              (no amulet)
HPRegen 1.01/turn               (no ring)
MPRegen 0.10/turn               (no ring)

@: lethally poisoned (-1 -> -13), fiery-armoured
A: large, unfitting armour, claws 3, regeneration 1, shaggy fur 1, tough skin 1
a: Renounce Religion, Fiery Armour, Foxfire Swarm, Rising Flame


You were on level 5 of the Dungeon.
You worshipped Ignis.
Ignis was extremely pleased with you.
You visited 1 branch of the dungeon, and saw 5 of its levels.

You collected 155 gold pieces.


Innate Abilities, Weirdness & Mutations

You are too large for most types of armour.
You have claws for hands.
Your natural rate of healing is unusually fast.
You are covered in fur. (AC +1)
You have tough skin. (AC +1)


   Skills:
 - Level 3.1 Fighting
 + Level 8.8 Unarmed Combat
 - Level 1.0 Spellcasting
 - Level 2.1 Fire Magic


You had 8 spell levels left.
You didn't know any spells.
Your spell library contained the following spells:

 Spells                   Type           Power      Damage    Failure   Level
 Scorch                   Fire           8%         2d5       22%         2

Inventory:

Armour
 c - a +2 robe of willpower (worn)
 h - a +0 cloak (worn)
Scrolls
 k - a scroll of identify
 l - a scroll of summoning {unknown}
 m - 3 scrolls of amnesia {unknown}
Potions
 a - a potion of flight {unknown}
 b - 2 potions of haste {unknown}
 d - a potion of magic {unknown}
 e - a potion of invisibility {unknown}
 f - a potion of lignification {unknown}
 g - a potion of curing {unknown}
 i - a potion of heal wounds {unknown}
 j - a potion of brilliance {unknown}

Dungeon Overview and Level Annotations

Branches:
Dungeon (5/15)
 Temple: D:4-7

Altars:
Fedhas
Gozag
Hepliaklqana
Okawaru
Trog
Zin
The Shining One

Shops:
D:4 :


Message History

The killer bee barely misses you. The killer bee stings you.
The killer bee is burned by your cloak of flames.
The killer bee is moderately wounded.
The killer bee misses you.
The killer bee stings you but does no damage.
The killer bee is burned by your cloak of flames.
The killer bee is moderately wounded.
The killer bee misses you.
The killer bee stings you but does no damage.
The killer bee is burned by your cloak of flames.
The killer bee is lightly wounded.
You miss the killer bee. Your claw misses the killer bee.
The killer bee is moderately wounded.
You feel very sick.
The killer bee stings you but does no damage.
The killer bee is burned by your cloak of flames.
The killer bee is heavily wounded.
The killer bee stings you but does no damage.
The killer bee is burned by your cloak of flames.
The killer bee is heavily wounded.
The killer bee stings you.
You are more poisoned.
The killer bee poisons you!
The killer bee is burned by your cloak of flames.
The killer bee is moderately wounded.
The killer bee stings you but does no damage.
The killer bee is burned by your cloak of flames.
The killer bee is severely wounded.
The killer bee stings you but does no damage.
The killer bee is burned by your cloak of flames.
The killer bee is severely wounded.
The killer bee barely misses you.
You closely miss the killer bee.
The killer bee is severely wounded.
You feel very sick. The killer bee stings you.
The killer bee is burned by your cloak of flames.
The killer bee is almost dead.
The killer bee barely misses you. The killer bee stings you.
You die...

#...#.....#.##.##.
#.........#.#..##.
########..#...###>
###....### #. ##
..>....# #. ##. ###...##
#. #####.. ###...# #.
......>#####.....### #.
#y@.....#.....####.
......yy................
........................
~.~~.~~...~..~~~~~.~.~~.
~~~~~~~~~~~~~~~~~~~~~~~~
~~~~~~~~~~~~~~~~~~~~~~~~
~~~~~~~~~~~~~~~~~~~~~~~~
########################


You could see 3 killer bees.

Vanquished Creatures
  Sigmund (D:2)
  A black bear (D:5)
  A scorpion (D:5)
  A necrophage (D:5)
  A killer bee (D:5)
  A howler monkey (D:5)
  2 hounds
  3 iguanas
  Jessica (D:2)
  An orc wizard (D:4)
  5 adders
  A gnoll (D:5)
  A white imp (D:5)
  4 worms
  5 dart slugs
  6 orcs (D:4)
  4 ball pythons
  6 endoplasms
  3 giant cockroaches
  6 goblins
  5 hobgoblins
  5 jackals
  11 kobolds
  6 quokkas
  2 bats
  4 frilled lizards
  7 rats
94 creatures vanquished.

Notes
Turn   | Place    | Note
-------+----------+-------------------------------------------
     0 | D:1      | qw the Troll Cinder Acolyte began the quest for the Orb.
     0 | D:1      | Reached XP level 1. HP: 22/22 MP: 1/1
     0 | D:1      | 0 ||| qw: Version: 0.1-a-97-g2dd2ca4
     0 | D:1      | 0 ||| qw: Game counter: 4764
     0 | D:1      | 0 ||| qw: Always use a shield: true
     0 | D:1      | 0 ||| qw: God list: Okawaru
     0 | D:1      | 0 ||| qw: Allow faded altars: false
     0 | D:1      | 0 ||| qw: Do Orc after D:15 true
     0 | D:1      | 0 ||| qw: Do second Lair branch before Depths: true
     0 | D:1      | 0 ||| qw: Lair rune preference: random
     0 | D:1      | 0 ||| qw: Plans: Normal
     0 | D:1      | 0 ||| PLANNING D:1-11
    94 | D:1      | 94 ||| Stepping ~*~*~tactically~*~*~ (outnumbered).
    95 | D:1      | 95 ||| Stepping ~*~*~tactically~*~*~ (outnumbered).
    96 | D:1      | 96 ||| Stepping ~*~*~tactically~*~*~ (outnumbered).
    98 | D:1      | 98 ||| Stepping ~*~*~tactically~*~*~ (outnumbered).
    99 | D:1      | 99 ||| Stepping ~*~*~tactically~*~*~ (outnumbered).
   100 | D:1      | 100 ||| Stepping ~*~*~tactically~*~*~ (outnumbered).
   139 | D:1      | Reached XP level 2. HP: 29/29 MP: 2/2
   581 | D:1      | 581 ||| READING scroll labelled ELODECEH IPLINK.
   582 | D:1      | 582 ||| DRINKING 2 amethyst potions.
   583 | D:1      | 583 ||| DROPPING potion of degeneration.
   627 | D:2      | 627 ||| Stepping ~*~*~tactically~*~*~ (outnumbered).
   628 | D:2      | 628 ||| Stepping ~*~*~tactically~*~*~ (outnumbered).
   629 | D:2      | 629 ||| Stepping ~*~*~tactically~*~*~ (outnumbered).
   633 | D:2      | Reached skill level 4 in Unarmed Combat
   634 | D:2      | 634 ||| Stepping ~*~*~tactically~*~*~ (hiding).
   635 | D:2      | 635 ||| Stepping ~*~*~tactically~*~*~ (hiding).
   678 | D:2      | Reached XP level 3. HP: 33/36 MP: 3/3
   750 | D:2      | Noticed Sigmund
   751 | D:2      | 751 ||| Stepping ~*~*~tactically~*~*~ (hiding).
   755 | D:2      | 755 ||| Stepping ~*~*~tactically~*~*~ (outnumbered).
   770 | D:2      | Killed Sigmund
   771 | D:2      | Reached skill level 6 in Unarmed Combat
   771 | D:2      | Reached XP level 4. HP: 17/44 MP: 4/4
   771 | D:2      | Reached XP level 5. HP: 20/50 MP: 5/5
   835 | D:2      | Found a faded altar of an unknown god.
   949 | D:2      | 949 ||| Stepping ~*~*~tactically~*~*~ (stealth).
  1127 | D:2      | 1127 ||| Stepping ~*~*~tactically~*~*~ (stealth).
  1128 | D:2      | 1128 ||| Stepping ~*~*~tactically~*~*~ (stealth).
  1323 | D:2      | Noticed Jessica
  1324 | D:2      | 1324 ||| Stepping ~*~*~tactically~*~*~ (hiding).
  1334 | D:2      | 1334 ||| FLEEEEING.
  1335 | D:2      | 1335 ||| STAIRDANCE
  1339 | D:1      | 1339 ||| UPGRADING to +2 robe of willpower.
  1349 | D:1      | 1349 ||| DROPPING +0 robe.
  1350 | D:1      | 1350 ||| READING scroll labelled BOEROA FEUROI.
  1359 | D:2      | Killed Jessica
  1534 | D:3      | Found a bloodstained altar of Trog.
  1541 | D:3      | Found a glowing silver altar of Zin.
  1654 | D:3      | Found an opulent altar of Gozag.
  1886 | D:3      | Reached XP level 6. HP: 59/59 MP: 6/6
  2161 | D:3      | 2161 ||| UPGRADING to +0 cloak.
  2166 | D:3      | 2166 ||| READING scroll labelled XACHAP TUTZEIB.
  2194 | D:3      | 2194 ||| READING scroll labelled EKLAUZXOFUSH.
  2195 | D:3      | 2195 ||| READING scroll labelled WUMISU GEUR.
  2239 | D:4      | 2239 ||| Stepping ~*~*~tactically~*~*~ (hiding).
  2240 | D:4      | 2240 ||| Stepping ~*~*~tactically~*~*~ (hiding).
  2347 | D:4      | Found Quosicig's Book Emporium.
  2350 | D:4      | 2350 ||| Stepping ~*~*~tactically~*~*~ (stealth).
  2358 | D:4      | Reached skill level 7 in Unarmed Combat
  2514 | D:4      | Found a hazy altar of Hepliaklqana.
  2681 | D:4      | 2681 ||| Stepping ~*~*~tactically~*~*~ (stealth).
  2846 | D:4      | 2846 ||| READING scroll labelled EMPUYK WEIROSM.
  2847 | D:4      | 2847 ||| DRINKING 2 red potions.
  2852 | D:4      | 2852 ||| DROPPING potion of attraction.
  2853 | D:4      | 2853 ||| Stepping randomly (stuck).
  2854 | D:4      | 2854 ||| Stepping randomly (stuck).
  2855 | D:4      | 2855 ||| Stepping ~*~*~tactically~*~*~ (outnumbered).
  3023 | D:4      | Found a blossoming altar of Fedhas.
  3098 | D:4      | 3098 ||| Stepping randomly (stuck).
  3145 | D:5      | Entered Level 5 of the Dungeon
  3261 | D:5      | Reached skill level 8 in Unarmed Combat
  3306 | D:5      | Found an iron altar of Okawaru.
  3310 | D:5      | Reached XP level 7. HP: 66/66 MP: 7/7
  3315 | D:5      | Reached skill level 3 in Fighting
  3363 | D:5      | 3363 ||| Stepping ~*~*~tactically~*~*~ (hiding).
  3502 | D:5      | Found a glowing golden altar of the Shining One.
  3685 | D:5      | 3685 ||| Stepping ~*~*~tactically~*~*~ (outnumbered).
  3686 | D:5      | 3686 ||| Stepping ~*~*~tactically~*~*~ (outnumbered).
  3687 | D:5      | 3687 ||| Stepping ~*~*~tactically~*~*~ (outnumbered).
  3688 | D:5      | 3688 ||| Stepping ~*~*~tactically~*~*~ (outnumbered).
  3691 | D:5      | 3691 ||| Stepping ~*~*~tactically~*~*~ (outnumbered).
  3706 | D:5      | 3706 ||| Stepping ~*~*~tactically~*~*~ (stealth).
  3766 | D:5      | 3766 ||| INVOKING Fiery Armour.
  3766 | D:5      | HP: 14/67 [killer bee (5)]
  3767 | D:5      | HP: 5/67 [killer bee (5)]
  3768 | D:5      | HP: 2/67 [poisoned by a killer bee]
  3768 | D:5      | Slain by a killer bee

Levels and vault maps discovered:
D:1:      minmay_arrival_open_corners, layout_basic
D:2:      minmay_angry_zag, layout_basic,
          chequers_ecumenical_altar_simple_redux, uniq_sigmund, uniq_jessica
D:3:      layout_basic, mainiacjoe_overflow_chevrons, minitemple
D:4:      layout_gridville, lemuel_tele_altar, fedhas_altar_1, serial_shops,
          shop_statue, wad_orctagon
D:5:      minmay_goblin_kobold_castle, layout_rooms, tso_oasis_becter,
          okawaru_metal_pillars_3

Skill      XL: |  1  2  3  4  5  6  7 |
---------------+----------------------+-----
Unarmed Combat | 4 6 8 |  8.8
Fighting       | 3 |  3.1
Spellcasting   | |  1.0
Fire Magic     | |  2.1

Action                   |  1- 3 |  4- 6 |  7- 9 || total
-------------------------+-------+-------+-------++-------
Melee: Unarmed           |    67 |   146 |    64 ||   277
       Punch             |     1 |     4 |       ||     5
Invok: Fiery Armour      |       |       |     1 ||     1
  Use: Scroll            |     1 |     5 |       ||     6
       Potion            |     1 |     1 |       ||     2
Armor: Robe              |    17 |    43 |    36 ||    96
Dodge: Dodged            |    23 |    38 |    41 ||   102

Table legend:
 A = Non-vault XP
 B = Vault XP
 C = Vault XP percentage of total XP
 D = Non-vault monster count
 E = Vault monster count
 F = Vault count percentage of total count
                 A         B        C        D         E       F
            +---------+---------+-------+---------+---------+-------
      Total |     840 |     309 |  26.9 |      76 |      18 |  19.1
            +---------+---------+-------+---------+---------+-------
        D:1 |      26 |       0 |   0.0 |      16 |       0 |   0.0
        D:2 |      51 |     276 |  84.4 |      18 |       8 |  30.8
        D:3 |      33 |       0 |   0.0 |      12 |       0 |   0.0
        D:4 |     178 |      12 |   6.3 |      16 |       4 |  20.0
        D:5 |     552 |      21 |   3.7 |      14 |       6 |  30.0
            +---------+---------+-------+---------+---------+-------
